 Dungeon Crawl Stone Soup version 0.30-a0-586-g23e55c9e0a (webtiles) character file.

Game seed: 8610211824099430270

295 wormed the Chopper (level 6, -7/85 HPs)
             Began as a Naga Fighter on Jan 3, 2023.
             Was a Believer of Lugonu.
             Killed from afar by an orc wizard (11 damage)
             ... with a puff of flame
             ... on level 6 of the Dungeon.
             The game lasted 00:05:52 (2852 turns).

wormed the Chopper (Naga Fighter)                   Turns: 2852, Time: 00:05:53

Health: -7/85      AC: 15    Str: 26    XL:     6   Next: 34%
Magic:  6/6        EV:  1    Int:  8    God:    Lugonu [**....]
Gold:   146        SH:  4    Dex: 11    Spells: 5/5 levels left

rFire   . . .      SeeInvis +    a - +0 war axe
rCold   . . .      Faith    +    c - +0 buckler
rNeg    . . .      Spirit   .    (body armour currently unavailable)
rPois   +          Reflect  .    (helmet currently unavailable)
rElec   .          Harm     .    (cloak currently unavailable)
rCorr   .          Rampage  .    (gloves currently unavailable)
Will    .....      NoTele   +    (no barding)
Stlth   +                        j - amulet of faith
HPRegen 0.34/turn                n - +6 ring of strength
MPRegen 0.10/turn                (no ring)

@: mighty, tree-form, corroded, hasted, very quick
A: stationary, stasis, torment immunity, boosted hp, AC +2, large, see
invisible, (deformed body), (poison resistance), (slowness 2), spit poison 1,
(naga tail 1)
a: Spit Poison, Renounce Religion, Depart the Abyss, Banish


You were on level 6 of the Dungeon.
You worshipped Lugonu.
Lugonu was pleased with you.
You were a tree.
You visited 1 branch of the dungeon, and saw 6 of its levels.

You collected 172 gold pieces.
You spent 26 gold pieces at shops.

Inventory:

Hand Weapons
 a - a +0 war axe (weapon)
Armour
 c - a +0 buckler (worn)
 f - a +2 hat (melded)
 u - a +0 cloak (melded)
 w - a +0 chain mail (melded)
Jewellery
 j - an amulet of faith (around neck)
 n - a +6 ring of strength (left branch)
 p - a ring of magical power
Wands
 q - a wand of polymorph (8)
Scrolls
 k - a scroll of magic mapping {unknown}
 r - a scroll of blinking {unknown}
 s - 2 scrolls of teleportation {unknown}
 t - a scroll of brand weapon {unknown}
 v - a scroll of enchant weapon {unknown}
Potions
 d - 3 potions of might
 e - a potion of haste
 i - a potion of mutation


   Skills:
 + Level 4.0 Fighting
 * Level 4.3 Axes
 + Level 3.3 Armour
 + Level 3.7 Shields


You had 5 spell levels left.
You didn't know any spells.
Your spell library contained the following spells:

 Spells                   Type           Power      Damage    Failure   Level
 Beastly Appendage        Tmut           0%         N/A       47%         1
 Wereblood                Tmut           0%         N/A       63%         2
 Spider Form              Tmut/Pois      0%         N/A       85%         3
 Airstrike                Air            0%         2d(0-16)  99%         4
 Summon Lightning Spire   Summ/Air       0%         N/A       99%         4
 Lightning Bolt           Conj/Air       0%         1d11      100%        5
 Summon Forest            Summ/Tloc      0%         N/A       100%        5
 Summon Mana Viper        Hex/Summ       0%         N/A       100%        5
 Summon Cactus Giant      Summ           0%         N/A       100%        6


Dungeon Overview and Level Annotations

Branches:
Dungeon (7/15)
 Temple: D:4-7

Altars:
Fedhas
Gozag
Zin
Lugonu

Shops:
D:2 ?


Innate Abilities, Weirdness & Mutations

You are a tree.
Your roots penetrate the ground, keeping you stationary.
You cannot be teleported.
You are immune to unholy pain and torment.
Your maximum health is greatly increased.
Your equipment is partially melded.
((Your serpentine skin is tough. (AC +2)))
You have supernaturally acute eyesight. (SInv)
((Armour fits poorly on your strangely shaped body.))
((Your system is resistant to poisons. (rPois)))
((You cover ground very slowly.))
You can spit poison.
((You have a snake-like lower body.))


Message History

* * * LOW HITPOINT WARNING * * *
You feel very mighty all of a sudden.
You slash the orc priest!
You kill the orc priest!
Lugonu accepts your kill.
You hit the orc wizard.
The orc wizard is lightly wounded.
The orc wizard hits you with a +0 dagger.
* * * LOW HITPOINT WARNING * * *
You closely miss the orc wizard.
The orc wizard is lightly wounded.
The orc wizard gestures at you while chanting.
You are confused.
You closely miss the orc wizard.
The orc wizard is lightly wounded.
The orc wizard hits you with a +0 dagger.
* * * LOW HITPOINT WARNING * * *
You're too confused to move!
The orc wizard hits you with a +0 dagger.
* * * LOW HITPOINT WARNING * * *
You barely miss the orc wizard.
The orc wizard is lightly wounded.
The orc wizard hits you with a +0 dagger.
* * * LOW HITPOINT WARNING * * *
You closely miss the orc wizard.
The orc wizard is lightly wounded.
You bump into the stone wall.
You turn into a tree.
Your +0 cloak melds into your body.
Your +2 hat melds into your body.
Your +0 chain mail melds into your body.
Your roots penetrate the ground.
You feel less confused.
You barely miss the orc wizard.
The orc wizard is lightly wounded.
The orc wizard hits you but does no damage.
You closely miss the orc wizard.
The orc wizard is lightly wounded.
The orc wizard gestures at you while chanting.
The puff of flame hits you!
You die...

..# #.# #.# #.# #.# #.#
#.# #.## #.# #..# #.# ##.#
#.####### #.#
#.......#####.####
#♣#####..[).)..>..
#..#o####o# #######.####
....§§o.oo# ########.#
...#.####§§^..........###.
#§###########..... ...
#.###. ...# #.# ...# ..#
....# ####


You could see an orc wizard (invisible) and 2 orcs.

Vanquished Creatures
  A jelly (D:6)
  2 orc priests (D:6)
  An orc wizard (D:4)
  Robin (D:2)
  5 adders
  A shadow imp (D:6)
  A worm (D:2)
  2 dart slugs
  7 orcs
  4 ball pythons
  4 bats
  5 endoplasms
  3 giant cockroaches (D:1)
  17 goblins
  8 hobgoblins
  5 quokkas
  3 frilled lizards (D:1)
  9 kobolds
  4 rats
83 creatures vanquished.

Vanquished Creatures (others)
  An orc wizard (D:4)
1 creature vanquished.

Grand Total: 84 creatures vanquished

Notes
Turn   | Place    | Note
-------+----------+-------------------------------------------
     0 | D:1      | wormed the Naga Fighter began the quest for the Orb.
     0 | D:1      | Reached XP level 1. HP: 21/21 MP: 1/1
   230 | D:1      | Reached XP level 2. HP: 28/28 MP: 2/2
   529 | D:1      | Reached XP level 3. HP: 30/34 MP: 3/3
  1233 | D:2      | Found Doli's Magic Scroll Boutique.
  1247 | D:2      | Bought a scroll of identify for 26 gold pieces
  1407 | D:2      | Noticed Robin
  1418 | D:2      | Reached XP level 4. HP: 24/42 MP: 4/4
  1481 | D:2      | Killed Robin
  1789 | D:2      | Found a faded altar of an unknown god.
  1857 | D:2      | Prayed at the altar of an unknown god.
  1857 | D:2      | Became a worshipper of Lugonu the Unformed
  1857 | D:2      | Reached * piety under Lugonu
  2072 | D:3      | Found a glowing silver altar of Zin.
  2072 | D:3      | Found an opulent altar of Gozag.
  2255 | D:3      | Reached XP level 5. HP: 47/49 MP: 5/5
  2300 | D:3      | Found a blossoming altar of Fedhas.
  2395 | D:3      | Reached ** piety under Lugonu
  2598 | D:4      | You fall into a shaft and drop 3 floors!
  2775 | D:6      | Reached XP level 6. HP: 53/57 MP: 6/6
  2845 | D:6      | HP: 1/57 [orc wizard/+0 dagger (4)]
  2852 | D:6      | Killed from afar by an orc wizard

Illustrated notes

Levels and vault maps discovered:
D:1:      dpeg_arrival_another_circle, layout_loops_ring, st_stairs_11,
          minmay_pentomino_x2
D:2:      layout_loops_ring, shapermc_ecumenical_altar_totnotflames,
          serial_shops, shop, kennysheep_generic_room_10, uniq_robin
D:3:      layout_rooms, grunt_temple_overflow_gold_and_silver,
          mainiacjoe_overflow_surrounded_room, grunt_ministairs_10
D:4:      layout_rooms, general_overflow_altar, dilly_guarded_unrand_devastator
D:6:      layout_loops_ring, minmay_misc_feat_more_columns,
          hangedman_abyss_or_decor_stagger
D:7:      layout_gridville, minmay_temple_entry_stoned_glass

Skill      XL: |  1  2  3  4  5  6 |
---------------+-------------------+-----
Shields        | 3 |  3.7
Axes           | 3 4 |  4.3
Armour         | 3 |  3.3
Fighting       | 4 |  4.0

Action                   |  1- 3 |  4- 6 || total
-------------------------+-------+-------++-------
Melee: War axe           |   109 |   146 ||   255
       Unarmed           |       |     8 ||     8
 Abil: Spit Poison       |     1 |       ||     1
  Use: Scroll            |       |     8 ||     8
       Potion            |       |     7 ||     7
Armor: Scale mail        |    58 |    64 ||   122
       Skin              |       |     1 ||     1
Dodge: Dodged            |    41 |    38 ||    79
Block: Buckler           |    16 |    31 ||    47

Table legend: (Time is in decaauts)
 A = Elapsed time spent in this place.
 B = Non-inter-level travel time spent in this place.
 C = Inter-level travel time spent in this place.
 D = Time resting spent in this place.
 E = Time spent auto-exploring this place.
 F = Levels seen in this place.
 G = Mean time per level.
                   A        B        C        D        E       F      G
               +--------+--------+--------+--------+--------+-----+--------+
         Total |   3718 |   3598 |    120 |     10 |   2790 |   6 |  619.7 |
       Dungeon |   3718 |   3598 |    120 |     10 |   2790 |   6 |  619.7 |
               +--------+--------+--------+--------+--------+-----+--------+

Top non-repeatable levels by time:
     D:1: 1290 daAuts
     D:2: 1221 daAuts
     D:3: 785 daAuts
     D:6: 284 daAuts
     D:4: 124 daAuts
     D:7: 11 daAuts
